Celery, chaotic female sylph Rogue -----------|---- -------- |........*..E>..#####|......| |............@.| #........## |............... |.....`|########## |..............| -+----|-#### ---|- --.------------- ######## # ...`| ### ###|...| # #+..*| # |...+ # ##....| # # |..(| -----|--- ### ----- |.......| # |...{....#`# ...`<...| --------- Celery the Footpad Experience level: 2 Strength: 16 Dexterity: 20 Constitution: 10 Intelligence: 11 Wisdom: 10 Charisma: 9 Health: 0(22) Energy: 9(9) Def: 2 Gold: 538 Moves: 1597 Dungeon seed: G9xi4FaR_ad811_O Game ID: Celery_1469710898 Your Inventory: Coins $ - 538 gold pieces Weapons a - an uncursed +0 short sword (weapon in hand) b - 4 uncursed +0 daggers (in quiver) P - an uncursed +0 boomerang Armor e - an uncursed +1 leather armor z - a blessed +2 dwarvish cloak (being worn) Comestibles O - an uncursed slime mold R - an uncursed food ration Scrolls q - an uncursed scroll of earth s - 2 uncursed scrolls of scare monster H - an uncursed scroll of scare monster I - an uncursed scroll of gold detection Potions c - an uncursed potion of sickness i - an uncursed potion of gain energy j - a blessed potion of healing Q - an uncursed potion of sleeping Rings n - a cursed ring of teleportation E - an uncursed ring of see invisible Wands h - an uncursed wand of opening (0:3) r - an uncursed wand of sleep (0:3) Tools d - an uncursed lock pick f - an uncursed sack g - an uncursed blindfold Gems y - an uncursed worthless piece of red glass Spells and supernatural/magical abilities: Name Level Category Fail Memory W - pray for help -- divine ? -- Your skills at the end: Miscellaneous Skills wands [Basic] Weapon Skills dagger [Basic] short sword [Basic] Spellcasting Skills healing spells [Basic] Final Attributes: You were piously aligned. You saw invisible. You were stealthy. You were protected from shape changers. You are dead. Vanquished creatures: a kitten a hobbit an acid blob a gecko a giant rat 5 jackals a fox 4 newts 2 sewer rats 3 grid bugs 2 lichens 4 kobold zombies 26 creatures vanquished. Voluntary challenges: You followed a strict vegan diet. You were an atheist. You used a wielded weapon 10 times, starting on turn 374. You did not apply a unicorn horn. You read items or engraved 2 times, starting on turn 387. You never genocided any monsters. You never polymorphed an object. You never changed form. You used no wishes. You never split a pudding. You never wrote Elbereth's name. You never violated your personal moral code. Dungeon overview: The Dungeons of Doom: levels 1 to 4 Level 1 a fountain a long staircase Level 2 a fountain Level 3 a fountain Level 4 <- You were here some fountains a long staircase History has recorded: On T:1 you entered the Dungeons of Doom to retrieve the Amulet of Yendor! On T:391 you reached level 2 of The Dungeons of Doom. On T:978 you advanced to experience level 2. On T:1064 you reached level 3 of The Dungeons of Doom. On T:1458 you reached level 4 of The Dungeons of Doom. Score breakdown: Gold: 538 ( 53 points) Experience: 2 levels ( 100 points) Exploration: 4 levels ( 90 points) Discoveries: 0 items ( 0 points) Variety of kills: 12 monsters ( 600 points) Major goal: (nothing yet) ( 0 points) Survival: died (score multiplied by 3) Total score: 2529 Latest messages: You see here 9 rocks. You see here a food ration. Something screams! R - a food ration. You hear some noises in the distance. You have a sad feeling for a moment, then it passes. The dagger hits the werejackal. The werejackal punches you! You throw 2 daggers. The 1st dagger hits the werejackal. The 2nd dagger hits the werejackal. The werejackal punches you! The dagger hits the werejackal. The werejackal punches you! The dagger hits the werejackal. The werejackal changes into a jackal. The werejackal claws you! The werejackal changes into a human. The dagger hits the werejackal. The werejackal punches you! You die... Final status: Goodbye Celery the Rogue, killed by a werejackal... You died in The Dungeons of Doom on dungeon level 4 with 2529 points, and 538 pieces of gold, after 1597 moves. You were level 2 with a maximum of 22 hit points when you died.